 Dungeon Crawl Stone Soup version 0.27-a0-887-gcab673c142 (webtiles) character file.

Game seed: 17071927065825061

25 sizableburger the Ducker (level 2, 0/27 HPs)
             Began as a Deep Elf Monk on Apr 4, 2021.
             Succumbed to a kobold's poison
             ... on level 1 of the Dungeon.
             The game lasted 00:01:29 (960 turns).

sizableburger the Ducker (Deep Elf Monk)             Turns: 960, Time: 00:01:30

Health: 0/27       AC:  2    Str:  8    XL:     2   Next: 86%
Magic:  4/4        EV: 14    Int: 14    God:
Gold:   26         SH:  0    Dex: 17    Spells: 1/1 levels left

rFire    + . .     SeeInvis .   a - +0 falchion
rCold    + . .     Faith    .   (no shield)
rNeg     . . .     Spirit   .   b - +0 robe
rPois    +         Reflect  .   (no helmet)
rElec    +         Harm     .   (no cloak)
rCorr    +         Rampage  .   (no gloves)
Will     .....                  (no boots)
Stlth    ..........             (no amulet)
HPRegen  0.09/turn              (no ring)
MPRegen  0.09/turn              (no ring)

@: berserking, lethally poisoned (0 -> -12), resistant, very quick
A: no striking features
a: no special abilities


You were on level 1 of the Dungeon.
You visited 1 branch of the dungeon, and saw 1 of its levels.

You collected 26 gold pieces.

Inventory:

Hand Weapons
 a - a +0 falchion (weapon)
Armour
 b - a +0 robe (worn)
Scrolls
 d - 2 scrolls of fog {unknown}
 f - a scroll of brand weapon {unknown}
 h - a scroll of teleportation {unknown}
Potions
 g - a potion of attraction {unknown}


   Skills:
 + Level 2.8 Fighting
 + Level 3.0 Long Blades
 + Level 4.1 Dodging
 - Level 2.4 Stealth


You had one spell level left.
You didn't know any spells.
Your spell library was empty.

Dungeon Overview and Level Annotations

Branches:
Dungeon (1/15)

Altars:


Message History

You barely miss the kobold.
You feel very sick.
The kobold hits you with a +2 short sword of venom.
You are lethally poisoned!
You barely miss the kobold.
You feel very sick. The kobold misses you. The kobold barely misses you.
You are too injured to fight recklessly!
You are too injured to fight recklessly!
You are too injured to fight recklessly!
You are too injured to fight recklessly!
You are too injured to fight recklessly!
You are too injured to fight recklessly!
You are too injured to fight recklessly!
You are too injured to fight recklessly!
You are too injured to fight recklessly!
You are too injured to fight recklessly!
You are too injured to fight recklessly!
You are too injured to fight recklessly!
You are too injured to fight recklessly!
You are too injured to fight recklessly!
Unknown command.
It was a potion of resistance.
You feel protected.
You feel sick.
The kobold hits you with a +2 short sword of venom.
* * * LOW HITPOINT WARNING * * *
You are more poisoned.
It was a potion of berserk rage.
A red film seems to cover your vision as you go berserk!
You feel yourself moving faster!
You feel mighty!
* * * LOW HITPOINT WARNING * * *
You feel very sick. The kobold misses you.
You riposte.
You closely miss the kobold.
You are too berserk!
You hit the kobold.
You kill the kobold!
* * * LOW HITPOINT WARNING * * *
You feel very sick.
You die...

##(##..#.#.#
..#(...(......#
..##....###...#
...#......##..#
#.........?#..#
#..#......##.##
#.#.##....###..#
#.#.#?.....K..#
#####.#.##"##.#@###
..)..#..###..#.#
#..........##.#
+.........###.#
####.............#
)........#########
###.....†.#########
#.......'.......#
#.[.....#######.#


You could see a kobold.

Vanquished Creatures
  3 bats (D:1)
  3 endoplasms (D:1)
  A hobgoblin (D:1)
  5 jackals (D:1)
  A ball python (D:1)
  2 frilled lizards (D:1)
  4 goblins (D:1)
  3 kobolds (D:1)
22 creatures vanquished.

Notes
Turn   | Place    | Note
-------+----------+-------------------------------------------
     0 | D:1      | sizableburger the Deep Elf Monk began the quest for the
                  | Orb.
     0 | D:1      | Reached XP level 1. HP: 13/13 MP: 3/3
   311 | D:1      | Reached XP level 2. HP: 16/18 MP: 4/4
   646 | D:1      | Reached skill level 4 in Dodging
   960 | D:1      | Succumbed to a kobold's poison

Illustrated notes

Levels and vault maps discovered:
D:1:      sevenhm_arrival_forest_fort_small_5, layout_basic,
          minmay_three_crescents

Skill      XL: |  1  2 |
---------------+-------+-----
Dodging        | 4 |  4.1
Long Blades    | 3 |  3.0
Fighting       | |  2.8
Stealth        | |  2.4

Action                   || total
-------------------------++-------
Melee: Falchion          ||    52
  Use: Potion            ||     2
Armor: Robe              ||     8
Dodge: Dodged            ||    46
       Rpst.: Falchion   ||    14

Table legend: (Time is in decaauts)
 A = Elapsed time spent in this place.
 B = Non-inter-level travel time spent in this place.
 C = Inter-level travel time spent in this place.
 D = Time resting spent in this place.
 E = Time spent auto-exploring this place.
 F = Levels seen in this place.
 G = Mean time per level.
                   A        B        C        D        E       F      G
               +--------+--------+--------+--------+--------+-----+--------+
         Total |    970 |    952 |     18 |    307 |    430 |   1 |  970.0 |
       Dungeon |    970 |    952 |     18 |    307 |    430 |   1 |  970.0 |
               +--------+--------+--------+--------+--------+-----+--------+

Top non-repeatable levels by time:
     D:1: 970 daAuts
